AoeStats
← Charlie4Days

Golden Pit

508403710Analyzed
1v1 RM · 10d ago on Sep 22, 2026· 38m 51s· 2 players
Game mode
Random Map
Map size
Tiny (2 player)
Population
200
Speed
Normal
Resources
Standard
Victory
Conquest
Starting age
Dark Age
Ending age
Imperial Age
RankedLock teamsTeams togetherTeam positionsShared explorationLock speedFull tech treeHidden civsTurbo modeCheats
Victory
Defeat
🇦🇺 Burgundians · Australia
687
+12
🇱🇹 Berbers · Lithuania
589
-12
BiLDuKas
4:32 Loom
13:07 Feudal Age
15:41 Double-Bit Axe
19:26 Castle Age
23:50 Kasbah
26:01 Fletching
26:13 Padded Archer Armor
28:35 Horse Collar
32:48 Squires
32:08 Pikeman
Charlie4Days
9:02 Loom
11:13 Feudal Age
18:00 Castle Age
17:17 Double-Bit Axe
17:38 Horse Collar
18:34 Scale Barding Armor
19:17 Wheelbarrow
18:20 Cavalier
19:02 Husbandry
21:05 Heavy Plow
27:33 Hand Cart
Connection lost

Rejoining the realm…

Still unreachable

The connection could not be restored.

Session expired

The server has moved on; the page needs a fresh start.